 Dungeon Crawl Stone Soup version 0.25-a0-24-g72dcfe0359 (webtiles) character file.

Game seed: 15336057576942049553, levelgen mode: deterministic

21 Dycilia the Caller (level 2, -1/17 HPs)
             Began as an Octopode Summoner on Oct 16, 2019.
             Slain by a kobold
             ... wielding a +0 dagger of flaming
              (2 damage)
             ... on level 1 of the Dungeon.
             The game lasted 00:06:18 (1163 turns).

Dycilia the Caller (Octopode Summoner)              Turns: 1163, Time: 00:06:19

Health: -1/17      AC:  1    Str:  7    XL:     2   Next: 87%
Magic:  5/5        EV: 13    Int: 17    God:
Gold:   16         SH:  0    Dex: 12    Spells: 4/5 levels left

rFire    . . .     SeeInvis .   e - +0 spear
rCold    . . .     Gourm    .   (no shield)
rNeg     . . .     Faith    .   (helmet restricted)
rPois    .         Spirit   .   (no amulet)
rElec    .         Reflect  .   (no ring)
rCorr    .         Harm     .   (no ring)
MR       .....                  (no ring)
Stlth    +++.......             (no ring)
HPRegen  0.05/turn              (no ring)
MPRegen  0.09/turn              (no ring)
                                (no ring)
                                (no ring)

@: no status effects
A: almost no armour, stealthy swim, amphibious, 8 rings, constrict 8, camouflage
1, gelatinous body 1
a: no special abilities


You were on level 1 of the Dungeon.
You were not hungry.

You visited 1 branch of the dungeon, and saw 1 of its levels.

You collected 16 gold pieces.

Inventory:

Hand Weapons
 e - a +0 spear (weapon)
Scrolls
 c - a scroll of identify {unknown}
 g - a scroll of random uselessness {unknown}
Potions
 a - a potion of ambrosia {unknown}
 d - a potion of curing {unknown}
Comestibles
 b - 2 rations
 f - 3 chunks of flesh


   Skills:
 + Level 2.3 Dodging
 + Level 3.2 Stealth
 - Level 2.0 Spellcasting
 * Level 4.4 Summonings


You had 4 spell levels left.
You knew the following spells:

 Your Spells              Type           Power        Failure   Level  Hunger
a - Summon Small Mammal   Summ           ###.         3%          1    #......

Your spell library contained the following spells:

 Spells                   Type           Power        Failure   Level  Hunger
 Call Imp                 Summ           ###.....     4%          2    ###....
 Call Canine Familiar     Summ           ###.....     10%         3    ###....
 Summon Guardian Golem    Hex/Summ       #.......     24%         3    ###....
 Summon Ice Beast         Ice/Summ       #.......     61%         4    #####..
 Summon Lightning Spire   Summ/Air       #.......     61%         4    #####..


Dungeon Overview and Level Annotations

Branches:
Dungeon (1/15)

Altars:


Innate Abilities, Weirdness & Mutations

You cannot wear most types of armour.
You are very stealthy in the water. (Stealth+)
You are amphibious.
You can wear up to eight rings at the same time.
You can use your tentacles to constrict eight enemies at once.
Your skin changes colour to match your surroundings (Stealth+).
Your rubbery body absorbs attacks. (AC +1, EV +1)


Message History

The kobold is moderately wounded.
Your bat closely misses the kobold.
The kobold hits you with a +0 dagger of flaming.
The kobold burns you.
The kobold hits you with a +0 dagger of flaming.
* * * LOW HITPOINT WARNING * * *
The kobold burns you.
* * * LOW HITPOINT WARNING * * *
Your bat barely misses the kobold.
Your bat hits the kobold but does no damage.
Your bat hits the kobold but does no damage.
Your bat misses the kobold.
Your bat closely misses the kobold.
Your bat barely misses the kobold.
Your bat hits the kobold but does no damage.
Your bat barely misses the kobold.
Your bat misses the kobold.
Your bat barely misses the kobold.
The kobold hits you with a +0 dagger of flaming.
You die...

#.......#.#....###...#.........
#....####.....##....##........#
######.......###....##......#.#
.......#### #..............#
....#########.......).....##
########## #...................
.........# #........#####....##
.........#####.......[#####...÷..
.........##.....@.....##......###
............[...#K....##.....÷...
................#.....##.......#.
###..........)..#b.....#.......#.
# #.............#......#......÷..
# #.............#................
###..............................
.................................
........................)........


You could see a kobold and a friendly bat.

Vanquished Creatures
  2 bats (D:1)
  A frilled lizard (D:1)
  A rat (D:1)
4 creatures vanquished.

Vanquished Creatures (collateral kills)
  A gnoll (D:1)
  4 bats (D:1)
  6 kobolds (D:1)
  4 frilled lizards (D:1)
  2 goblins (D:1)
  3 rats (D:1)
20 creatures vanquished.

Grand Total: 24 creatures vanquished

Notes
Turn   | Place    | Note
-------+----------+-------------------------------------------
     0 | D:1      | Dycilia the Octopode Summoner began the quest for the Orb.
     0 | D:1      | Reached XP level 1. HP: 11/11 MP: 3/3
   694 | D:1      | Reached XP level 2. HP: 17/17 MP: 0/5
  1163 | D:1      | Slain by a kobold

Levels and vault maps discovered:
D:1:      dpeg_arrival_circle_labyrinth_b, layout_basic

Skill      XL: |  1  2 |
---------------+-------+-----
Stealth        | 3 |  3.2
Dodging        | |  2.3
Spellcasting   | |  2.0
Summonings     | |  4.4

Action                   || total
-------------------------++-------
Melee: Unarmed           ||     5
       Constrict         ||     3
       Tentacles         ||     2
       Spear             ||     3
 Cast: Summon Small Mamm ||    39
  Eat: Chunk             ||     1
Armor: Skin              ||     2
Dodge: Dodged            ||     6

Table legend:
 A = Non-vault XP
 B = Vault XP
 C = Vault XP percentage of total XP
 D = Non-vault monster count
 E = Vault monster count
 F = Vault count percentage of total count
                 A         B        C        D         E       F
            +---------+---------+-------+---------+---------+-------
      Total |      31 |       0 |   0.0 |      24 |       0 |   0.0
            +---------+---------+-------+---------+---------+-------
        D:1 |      31 |       0 |   0.0 |      24 |       0 |   0.0
            +---------+---------+-------+---------+---------+-------
